Map: Ruines d’Endion

Players

Mantis

  • Race: Zerg Zerg
  • League: Bronze
  • Spawn Location: 7:00

zidar - Winner!

  • Race: Zerg Zerg
  • League: Gold
  • Spawn Location: 5:00

VOD

Have the link to the VOD?

Description

Time

  • Played on: May 20, 2016, 3:18 p.m.
  • Length: 4:43
Show
View Real Time Build Order
Export as new Build Order

Mantis Zerg 

Build Orders: Hatch First 

Get SALT Encoding   

  12  0:02  Drone  
  13  0:08  Drone  
  14  0:17  Overlord  
  14  0:22  Extractor  
  14  0:24  Drone  
  15  0:38  Drone x2  
  17  0:46  Drone  
  18  0:59  Hatchery  
  18  1:03  Extractor  
  16  1:06  Drone  
  16  1:08  Drone  
  18  1:24  Spawning Pool  
  17  1:30  Drone x2  
  19  1:42  Drone  
  20  1:52  Drone  
  21  2:05  Overlord  
  21  2:12  Queen x2  
  21  2:15  Zergling x4  
  27  2:30  Spine Crawler  
  27  2:33  Drone x2  
  28  2:37  Metabolic Boost  
  28  2:39  Drone x2  
  29  3:00  Drone x4  
  33  3:13  Drone x2  
  33  3:17  Overlord  
  35  3:25  Baneling Nest  
  34  3:34  Lair  
  34  3:45  Drone x2  
  34  3:46  Overlord, Drone x3  
  34  3:47  Drone  
  40  3:51  Evolution Chamber  
  39  3:58  Zergling x8  
  39  4:02  Zergling x2  
  43  4:05  Overlord x2  
  43  4:06  Zergling x2  
  43  4:07  Zergling x4  
  41  4:26  Zergling x4  
Show
View Real Time Build Order
Export as new Build Order

zidar Zerg - Winner!

Build Orders: Pool First 

Get SALT Encoding   

  12  0:02  Drone  
  13  0:12  Overlord  
  13  0:19  Drone  
  14  0:30  Drone x2  
  14  0:34  Drone  
  17  0:48  Spawning Pool  
  17  0:50  Drone  
  17  1:12  Hatchery  
  17  1:15  Drone  
  17  1:18  Extractor  
  16  1:34  Drone x3  
  19  1:44  Roach Warren  
  19  1:45  Drone  
  19  1:56  Queen  
  21  2:23  Overlord  
  21  2:24  Overlord  
  21  2:36  Queen  
  23  2:57  Roach x5  
  23  2:58  Roach  
  35  3:08  Roach x2  
  39  3:22  Overlord x2  
  39  3:42  Roach x3  
Tags
 
Add a new tag
Caveats
  • Supply blocks, unpowered buildings, or Contaminate may cause inaccurate times.
  • Supply counts are checked every 10 seconds.